 Dungeon Crawl Stone Soup version 0.29-a0-360-g8ed1089bbe (webtiles) character file.

Game seed: 11887400817059030281

4312 croobank the Fighter (level 10, -6/89 (93) HPs)
             Began as a Formicid Chaos Knight on Apr 28, 2022.
             Was a Plaything of Xom.
             Mangled by a yak (9 damage)
             ... on level 8 of the Dungeon.
             The game lasted 00:37:13 (8915 turns).

croobank the Fighter (Formicid Chaos Knight)        Turns: 8915, Time: 00:37:19

HP:   -6/89 (93)    AC: 12    Str: 18    XL:     10   Next: 58%
MP:   25/25         EV: 11    Int: 17    God:    Xom [....*.]
Gold: 340           SH:  2    Dex:  6    Spells: 1/17 levels left

rFire   . . .      SeeInvis +   E - +6 quarterstaff (chaos)
rCold   + + +      Faith    .   q - +0 buckler
rNeg    . . .      Spirit   .   D - +1 leather armour of Grim Fun {Drain rElec rC+++ MP+9}
rPois   .          Reflect  .   (helmet unavailable)
rElec   +          Harm     .   F - +2 cloak
rCorr   +          Rampage  +   i - +0 pair of gloves
Will    ++...                   d - +1 pair of boots {rampage}
Stlth   +.........              (no amulet)
HPRegen 0.24/turn               e - ring of resist corrosion
MPRegen 0.19/turn               (no ring)

@: studying Conjurations, lightly drained
A: permanent stasis, dig shafts and tunnels, antennae 3, four strong arms, fangs
1, iridescent scales 1, clever 1, clumsy 2, deformed body, strong-willed 1
a: Dig, Shaft Self, Renounce Religion


You were on level 8 of the Dungeon.
You worshipped Xom.
You were a beloved toy of Xom.
You visited 1 branch of the dungeon, and saw 9 of its levels.
You also visited: Sewer.

You collected 430 gold pieces.
You spent 90 gold pieces at shops.

Inventory:

Hand Weapons
 a - a +0 hand axe of chaos
 b - a +0 hunting sling
 h - a +4 dire flail
 k - the +5 rapier "Ykagopli" {chaos, Int+2 Dex+2 SInv}
   (You found it on level 6 of the Dungeon)

   Each time it hits an enemy it has a different, random effect.
   Int:       It affects your intelligence (+2).
   Dex:       It affects your dexterity (+2).
   SInv:      It lets you see invisible.
 l - a +3 great sword of freezing
 t - the +6 Majin-Bo {vamp, MP+6 Int+6}
   (You acquired it on level 4 of the Dungeon)

   It heals its wielder for a portion of the damage dealt when they wound a
   living foe with it or with a spell.
   Its wielder's spells cost health as well as magical power.
   Int:       It affects your intelligence (+6).
   MP:        It affects your magic capacity (+6).
 w - a +0 hand crossbow
 E - a +6 quarterstaff of chaos (weapon)
 G - a +4 short sword
 N - a +4 war axe
Missiles
 f - 195 stones (quivered)
 x - 33 poisoned darts
 I - 2 silver boomerangs
Armour
 d - a +1 pair of boots of rampaging (worn)
 g - a +2 robe of willpower
 i - a +0 pair of gloves (worn)
 n - a +2 leather armour
 q - a +0 buckler (worn)
 s - a +0 chain mail
 u - a +3 scale mail
 v - a +1 scale mail of fire resistance
 A - an orb of light
 D - the +1 leather armour of Grim Fun (worn) {Drain rElec rC+++ MP+9}
   (You found it on level 4 of the Dungeon)

   rC:        It renders you almost immune to cold.
   rElec:     It insulates you from electricity.
   MP:        It affects your magic capacity (+9).
   Drain:     It drains your maximum health when unequipped.
 F - a +2 cloak (worn)
Jewellery
 e - a ring of resist corrosion (left hand)
Wands
 y - a wand of flame (10)
 B - a wand of iceblast (5)
Scrolls
 m - a scroll of holy word
 p - a scroll of summoning
 z - a scroll of silence
 K - a scroll of amnesia
Potions
 o - 3 potions of curing
 r - 7 potions of flight
 C - a potion of cancellation
 J - a potion of lignification
 L - a potion of ambrosia
 M - a potion of brilliance {unknown}
Miscellaneous
 c - a piece from Xom's chessboard (15/15)
 H - a phial of floods (inert)


   Skills:
 + Level 13.8 Fighting
 - Level 3.8 Axes
 + Level 4.1 Staves
 + Level 5.9 Armour
 + Level 4.6 Dodging
 + Level 4.1 Spellcasting
 + Level 2.2 Air Magic
 + Level 1.9 Earth Magic


You had one spell level left.
You knew the following spells:

 Your Spells              Type           Power      Damage    Failure   Level
a - Beastly Appendage     Tmut           6%         N/A       24%         1
b - Sting                 Tmut/Pois      12%        1d3       24%         1
c - Lightning Bolt        Conj/Air       3%         1d15      99%         5
d - Shatter               Erth           5%         3d8*      100%        9

Your spell library contained the following spells:

 Spells                   Type           Power      Damage    Failure   Level
 Apportation              Tloc           6%         N/A       24%         1
 Airstrike                Air            5%         N/A       67%         4
 Summon Lightning Spire   Summ/Air       7%         N/A       83%         4
 Fireball                 Conj/Fire      1%         3d3       100%        5
 Starburst                Conj/Fire      1%         6d3       100%        6
 Ignition                 Fire           1%         3d3       100%        8
 Chain Lightning          Conj/Air       3%         3d4       100%        9
 Fire Storm               Conj/Fire      1%         8d1       100%        9


Dungeon Overview and Level Annotations

Branches:
Dungeon (9/15)             Temple (0/1) D:4            Lair (0/6) D:8
  Sewer (visited)
    Orc: D:9-12

Altars:
Cheibriados
Okawaru
Uskayaw
Zin

Shops:
D:3 [   D:8 ?[

Annotations:
D:6 2 transporters
D:8 Erica


Innate Abilities, Weirdness & Mutations

You cannot be hasted, slowed, berserked, paralysed or teleported.
You can dig through walls and to a lower floor.
You have a pair of large antennae on your head. (SInv)
Your four strong arms can wield two-handed weapons with a shield.
You have very sharp teeth.
You are partially covered in iridescent scales. (AC +2)
Your mind is acute. (Int +2)
You are very clumsy. (Dex -4)
Armour fits poorly on your strangely shaped body.
You are strong-willed. (Will+)


Message History

You feel very sick. You block the harpy's attack. The harpy closely misses you.
The hornet stings you but does no damage.
The yak gores you.
* * * LOW HITPOINT WARNING * * *
The hornet stings you but does no damage.
You closely miss the hornet.
The hornet is lightly wounded.
You feel very sick. The harpy claws you but does no damage.
You block the harpy's attack. The harpy closely misses you.
You block the harpy's attack. The hornet barely misses you.
The yak barely misses you. The hornet stings you!
* * * LOW HITPOINT WARNING * * *
You are lethally poisoned!
Your stasis prevents you from being slowed.
You feel better. The harpy claws you.
* * * LOW HITPOINT WARNING * * *
The harpy closely misses you. The yak misses you. The hornet misses you.
You feel better. The harpy closely misses you. The harpy misses you.
The hornet stings you but does no damage.
The yak gores you!
* * * LOW HITPOINT WARNING * * *
The hornet barely misses you.
Okay, then.
Aim the phial where?
Press: ? - help, Shift-Dir - straight line, f - hornet
Aim: a hornet The torrent of water hits the hornet!
The hornet is heavily wounded.
The hornet is knocked back by the torrent of water.
The wave splashes down.
The hornet is engulfed in water.
You hear a howl!
You hear a shout! x3
The yak closely misses you. The hornet attacks as you move away!
The hornet stings you but does no damage.
The harpy attacks as you move away! The harpy misses you. The harpy claws you!
* * * LOW HITPOINT WARNING * * *
The yak attacks as you move away! The yak gores you!
You die...
Xom guffaws!

+................###..#
#...............##...##
#...........######..####
+...........# ##......#
#..........# ###........
#..........###.........#
+......8[...#....##..###
#.....)[........###...#
#....8[@.8...........##
#...[≈yHY....###.#..##
#...≈≈.∩...##.####..#
#...≈≈†........# ...
........8.>.8.......
####....#...##.......
#....##8## .....#.
######### ..#..### # #


You could see a yak, a harpy and a hornet (waterlogged).

Vanquished Creatures
  Pikel (D:4)
  2 yaks (D:8)
  A steam dragon (D:6)
  2 water moccasins
  2 ice beasts
  A black bear (D:4)
  An orc warrior (D:8)
  2 sky beasts
  2 ogres
  A centaur (D:8)
  3 wolves
  3 kobold brigands
  Blork the orc (D:6)
  2 bullfrogs
  A necrophage (D:6)
  A scorpion (D:5)
  4 wights (D:9)
  4 electric eels (D:8)
  6 crimson imps (D:7)
  2 jellies
  7 hounds
  3 orc priests
  Jessica (D:3)
  3 iguanas
  Crazy Yiuf (D:4)
  Ijyb (D:5)
  3 orc wizards
  13 adders
  4 gnolls
  7 river rats
  4 shadow imps
  2 white imps (D:7)
  2 ufetubi
  3 worms
  A dart slug (D:3)
  27 orcs
  8 endoplasms
  7 giant cockroaches
  5 goblins
  6 hobgoblins
  9 jackals
  7 quokkas
  14 ball pythons
  14 bats
  3 frilled lizards (D:1)
  25 kobolds
  10 rats
232 creatures vanquished.

Vanquished Creatures (collateral kills)
  A hound (D:8)
1 creature vanquished.

Vanquished Creatures (others)
  2 gnolls (D:4)
  24 plants (D:2)
26 creatures vanquished.

Grand Total: 259 creatures vanquished

Notes
Turn   | Place    | Note
-------+----------+-------------------------------------------
     0 | D:1      | croobank the Formicid Chaos Knight began the quest for the
                  | Orb.
     0 | D:1      | Reached XP level 1. HP: 18/18 MP: 1/1
    26 | D:1      | Reached skill level 1 in Dodging
   129 | D:1      | Reached XP level 2. HP: 19/24 MP: 2/2
   431 | D:1      | XOM: divination: detect items
   439 | D:1      | XOM: polymorph quokka -> frilled lizard
   504 | D:1      | XOM: enchant monster (good)
   525 | D:1      | Reached XP level 3. HP: 25/29 MP: 3/3
  1020 | D:1      | Found a faded altar of an unknown god.
  1139 | D:2      | Found a glowing silver altar of Zin.
  1150 | D:2      | XOM: polymorph quokka -> adder
  1161 | D:2      | Reached XP level 4. HP: 35/37 MP: 4/4
  1830 | D:2      | XOM: summons 3 hostile demons
  1843 | D:2      | Reached skill level 12 in Fighting
  1843 | D:2      | Reached XP level 5. HP: 17/58 MP: 5/5
  2447 | D:3      | Noticed a water moccasin
  2449 | D:3      | XOM: summons 2 friendly demons
  2459 | D:3      | XOM: enchant monster (bad)
  2471 | D:3      | Killed a water moccasin
  2472 | D:3      | Reached skill level 13 in Fighting
  2472 | D:3      | Reached XP level 6. HP: 39/66 MP: 6/6
  3032 | D:3      | Got Izuren's Beginning Course on the Arcane Arts
  3056 | D:3      | Learned a level 1 spell: Beastly Appendage
  3057 | D:3      | XOM: silly message
  3058 | D:3      | Learned a level 1 spell: Sting
  3116 | D:3      | Noticed Jessica
  3118 | D:3      | Killed Jessica
  3330 | D:3      | XOM: noise
  3381 | D:3      | XOM: silly message
  3624 | D:3      | XOM: give mutation
  3624 | D:3      | Gained mutation: You have very sharp teeth. [Xom's
                  | mischief]
  3641 | D:3      | Found a faded altar of an unknown god.
  3647 | D:3      | Found a glowing silver altar of Zin.
  3710 | D:3      | Found Wifruod's Antique Armour Shoppe.
  3733 | D:4      | Identified 2 scrolls of acquirement
  3733 | D:4      | Acquired the +6 Majin-Bo {vamp, MP+6 Int+6}
  3733 | D:4      | Found the +6 Majin-Bo {vamp, MP+6 Int+6}
  3737 | D:4      | XOM: god gift: +1 scale mail of fire resistance
  3739 | D:4      | Acquired a +1 pair of boots of rampaging
  3816 | D:4      | Reached XP level 7. HP: 68/72 MP: 7/7
  3941 | D:4      | Reached skill level 1 in Staves
  3941 | D:4      | Reached skill level 1 in Spellcasting
  3961 | D:4      | Found a glowing drain.
  3971 | Sewer    | Entered a sewer
  4063 | Sewer    | XOM: divination: detect items
  4099 | Sewer    | XOM: silly message
  4111 | Sewer    | XOM: divination: detect items
  4181 | Sewer    | Acquired a manual of Conjurations
  4228 | Sewer    | Reached XP level 8. HP: 69/79 MP: 9/9
  4660 | D:4      | Found a staircase to the Ecumenical Temple.
  4779 | D:4      | Noticed Pikel
  4779 | D:4      | XOM: cast spell 'Alistair's Intoxication'
  4811 | D:4      | Killed Pikel
  4986 | D:4      | Identified the +1 leather armour of Grim Fun {Drain rElec
                  | rC+++ MP+9}
  5006 | D:5      | Entered Level 5 of the Dungeon
  5145 | D:4      | XOM: destruction
  5165 | D:4      | Found a runed translucent door.
  5166 | D:4      | Noticed Crazy Yiuf
  5174 | D:4      | Killed Crazy Yiuf
  5434 | D:5      | Noticed Ijyb
  5444 | D:5      | Killed Ijyb
  5445 | D:5      | Reached XP level 9. HP: 77/85 MP: 12/12
  5501 | D:5      | XOM: give mutations
  5501 | D:5      | Gained mutation: You are partially covered in iridescent
                  | scales. (AC +2) [Xom's grace]
  5501 | D:5      | Gained mutation: You are strong-willed. (Will+) [Xom's
                  | grace]
  5577 | D:5      | XOM: potion effect (brilliance)
  5612 | D:5      | XOM: god gift: 32 gold pieces
  5638 | D:5      | XOM: confuse monster(s)
  5747 | D:5      | XOM: scenery: summon butterflies
  5825 | D:5      | XOM: cleaving
  5964 | D:6      | Identified the +5 rapier "Ykagopli" {chaos, Int+2 Dex+2
                  | SInv}
  5972 | D:6      | Learned a level 5 spell: Lightning Bolt
  5992 | D:6      | Found a transporter.
  6047 | D:6      | Reached skill level 5 in Armour
  6258 | D:6      | Noticed Blork the orc
  6266 | D:6      | Killed Blork the orc
  6281 | D:6      | XOM: give mutation
  6281 | D:6      | Gained mutation: Your mind is acute. (Int +2) [Xom's grace]
  6288 | D:6      | XOM: repel stairs
  6470 | D:6      | Found a transporter.
  6691 | D:6      | Reached skill level 1 in Air Magic
  6785 | D:6      | Found a snail-covered altar of Cheibriados.
  6785 | D:6      | Found an iron altar of Okawaru.
  6951 | D:7      | Reached XP level 10. HP: 86/92 MP: 15/15
  7110 | D:7      | Found a hide-covered altar of Uskayaw.
  7279 | D:7      | XOM: give mutations
  7279 | D:7      | Gained mutation: You are clumsy. (Dex -2) [Xom's mischief]
  7279 | D:7      | Lost mutation: You are partially covered in iridescent
                  | scales. (AC +2) [Xom's mischief]
  7279 | D:7      | Gained mutation: You are very clumsy. (Dex -4) [Xom's
                  | mischief]
  7638 | D:8      | Found Huenec's Magic Scroll Emporium.
  7744 | D:8      | Bought a scroll of silence for 90 gold pieces
  7777 | D:8      | XOM: torment (46/93 hp)
  7847 | D:8      | XOM is BORED!
  7910 | D:8      | Learned a level 9 spell: Shatter
  7918 | D:8      | Found Unuyr's Armour Shop.
  8035 | D:8      | XOM: chaos upgrade
  8048 | D:9      | XOM: stealth player
  8143 | D:9      | XOM: give mutations
  8143 | D:9      | Gained mutation: You are partially covered in iridescent
                  | scales. (AC +2) [Xom's mischief]
  8143 | D:9      | Gained mutation: Armour fits poorly on your strangely
                  | shaped body. [Xom's mischief]
  8257 | D:8      | XOM: confusion (+ monsters)
  8281 | D:8      | Reached skill level 1 in Earth Magic
  8291 | D:8      | Found a staircase to the Lair.
  8304 | D:8      | Noticed Erica
  8320 | D:8      | XOM: summons 5 friendly demons
  8379 | D:9      | XOM: silly message
  8582 | D:9      | XOM: scenery: summon butterflies
  8787 | D:9      | XOM: potion effect (might)
  8902 | D:8      | Noticed a harpy
  8902 | D:8      | a yak changed into a harpy
  8902 | D:8      | XOM: polymorph yak -> harpy
  8915 | D:8      | HP: 3/89 [harpy (10)]
  8915 | D:8      | Mangled by a yak

Illustrated notes

Levels and vault maps discovered:
D:1:      minmay_arrival_radiant_lines, layout_loops_ring,
          dreamdust_ecumenical_altar_statues, hangedman_glass_teeth
D:2:      wad_woods_stonehenge, layout_basic, solitary_fountain
D:3:      layout_basic, nicolae_overflow_ecumenical_swirl, serial_shops, shop,
          minivault_19, kennysheep_generic_room_14, uniq_jessica
D:4:      layout_cave_pools, minmay_temple_entry_junction, portal_sewer_entry_a,
          ebering_dispersal_statue_hall, grunt_ministairs_12,
          due_unseen_surprise, uniq_pikel, uniq_crazy_yiuf_cottage
D:5:      layout_loops_ring, uniq_ijyb
D:6:      gammafunk_cloud_chamber, layout_loops_ring,
          gammafunk_temple_overflow_wave, uniq_blork_the_orc
D:7:      layout_basic, mainiacjoe_overflow_tiny_flanked, minmay_nine_imps
D:8:      layout_cave_pools, kennysheep_mini_moat, mainiacjoe_overflow_24_doors,
          lemuel_crystal_altar, erik_lair_island, serial_shops,
          nicolae_shop_advertising_works [nicolae_subvault_shop_adworks],
          nicolae_stop_n_shop_2, shop, enter_bailey_5, uniq_maurice,
          uniq_maggie, uniq_erica
D:9:      layout_cave_pods, lemuel_round_altar, grunt_ministairs_9

Skill      XL: |  1  2  3  4  5  6  7  8  9 10 |
---------------+-------------------------------+-----
Dodging        | 1 2 3 4 |  4.6
Armour         | 3 4 5 |  5.9
Fighting       | 12 13 | 13.8
Staves         | 1 2 3 4 |  4.1
Spellcasting   | 1 2 3 4 |  4.1
Air Magic      | 1 2 |  2.2
Earth Magic    | 1 |  1.9
Axes           | |  3.8

Action                   |  1- 3 |  4- 6 |  7- 9 | 10-12 || total
-------------------------+-------+-------+-------+-------++-------
Melee: Hand axe          |    37 |       |       |       ||    37
       War axe           |    72 |   113 |       |       ||   185
       Trident           |       |    13 |       |       ||    13
       Quarterstaff      |       |     8 |   348 |   141 ||   497
       Bite              |       |     1 |    30 |    12 ||    43
Throw: Stone             |       |     2 |       |       ||     2
 Abil: Dig               |       |       |       |     1 ||     1
Evoke: Piece from Xom's  |       |     1 |       |       ||     1
       Phial of floods   |       |       |       |     1 ||     1
  Use: Potion            |       |     4 |     1 |     7 ||    12
       Scroll            |       |     6 |    11 |     2 ||    19
 Stab: Petrified         |     2 |       |       |       ||     2
       Confused          |       |       |       |     1 ||     1
Armor: Leather armour    |    53 |    38 |       |    57 ||   148
       Skin              |       |    11 |       |       ||    11
       Scale mail        |       |    13 |   193 |    33 ||   239
Dodge: Dodged            |    88 |    98 |   201 |   164 ||   551
Block: Buckler           |       |     4 |    55 |    23 ||    82

Table legend: (Time is in decaauts)
 A = Elapsed time spent in this place.
 B = Non-inter-level travel time spent in this place.
 C = Inter-level travel time spent in this place.
 D = Time resting spent in this place.
 E = Time spent auto-exploring this place.
 F = Levels seen in this place.
 G = Mean time per level.
                   A        B        C        D        E       F      G
               +--------+--------+--------+--------+--------+-----+--------+
         Total |   9229 |   9047 |    182 |   1211 |   4971 |  10 |  922.9 |
       Dungeon |   8412 |   8230 |    182 |   1198 |   4694 |   9 |  934.7 |
         Sewer |    816 |    816 |      0 |     13 |    276 |   1 |  816.0 |
               +--------+--------+--------+--------+--------+-----+--------+

Top non-repeatable levels by time:
     D:3: 1369 daAuts
     D:2: 1353 daAuts
     D:1: 1063 daAuts
     D:4: 976 daAuts
     D:6: 890 daAuts
     D:7: 826 daAuts
   Sewer: 816 daAuts
     D:9: 687 daAuts
     D:5: 634 daAuts
     D:8: 610 daAuts
